 Dungeon Crawl Stone Soup version 0.28.0-43-g3370ac3207 (webtiles) character file.

Game seed: 18078433579100326228

49 cbfl8 the Sneak (level 3, -7/33 HPs)
             Began as a Minotaur Delver on Mar 24, 2022.
             Mangled by an ogre
             ... wielding a +0 giant club
              (15 damage)
             ... on level 5 of the Dungeon.
             The game lasted 00:02:35 (470 turns).

cbfl8 the Sneak (Minotaur Delver)                    Turns: 470, Time: 00:02:37

Health: -7/33      AC:  3    Str: 18    XL:     3   Next: 51%
Magic:  2/2        EV: 12    Int:  7    God:
Gold:   0          SH:  0    Dex: 11    Spells: 2/2 levels left

rFire   . . .      SeeInvis .   a - +0 hand axe
rCold   . . .      Faith    .   (no shield)
rNeg    . . .      Spirit   .   b - +0 leather armour
rPois   .          Reflect  .   (helmet restricted)
rElec   .          Harm     .   (no cloak)
rCorr   .          Rampage  .   (no gloves)
Will    .....                   (no boots)
Stlth   ++........              (no amulet)
HPRegen 0.11/turn               (no ring)
MPRegen 0.08/turn               (no ring)

@: no status effects
A: horns 2, retaliatory headbutt
a: no special abilities


You were on level 5 of the Dungeon.
You visited 1 branch of the dungeon, and saw 1 of its levels.
You also visited: Ossuary.

Inventory:

Hand Weapons
 a - a +0 hand axe (weapon)
Armour
 b - a +0 leather armour (worn)
Wands
 g - a wand of digging (3)
Scrolls
 e - a scroll of fear


   Skills:
 + Level 4.1 Fighting
 + Level 3.3 Axes
 + Level 0.5 Armour
 + Level 2.4 Dodging
 + Level 4.4 Stealth


You had 2 spell levels left.
You didn't know any spells.
Your spell library was empty.

Dungeon Overview and Level Annotations

Branches:
Dungeon (5/15)             Temple (0/1) D:5         Ossuary (visited)

Altars:


Innate Abilities, Weirdness & Mutations

You have a pair of horns on your head.
You reflexively headbutt those who attack you in melee.


Message History

You headbutt the elf zombie!
The jackal zombie bites you but does no damage.
The jackal zombie barely misses you. You furiously retaliate!
You headbutt the jackal zombie!
You destroy the jackal zombie!
There is a gate leading back out of this place here.
You hit the elf zombie. You headbutt the elf zombie.
The elf zombie is moderately damaged.
The elf zombie hits you!
You barely miss the elf zombie.
The elf zombie is moderately damaged.
The elf zombie misses you. The quokka zombie closely misses you.
You hit the elf zombie.
The elf zombie is moderately damaged.
You hit the quokka zombie. The elf zombie closely misses you.
The quokka zombie closely misses you.
You barely miss the elf zombie.
The elf zombie is moderately damaged.
You barely miss the quokka zombie. The quokka zombie closely misses you.
The elf zombie misses you.
You hit the elf zombie. Your headbutt misses the elf zombie.
The elf zombie is moderately damaged.
You hit the quokka zombie.
You destroy the quokka zombie!
The elf zombie hits you!
You slash the elf zombie!
The elf zombie is heavily damaged.
You barely miss the elf zombie. The elf zombie hits you.
The elf zombie barely misses you.
You slash the elf zombie!
The elf zombie is severely damaged.
You barely miss the elf zombie. The elf zombie hits you.
* * * LOW HITPOINT WARNING * * *
The elf zombie barely misses you. The elf zombie hits you.
* * * LOW HITPOINT WARNING * * *
The quokka zombie completely misses you.
You furiously retaliate!
You headbutt the quokka zombie.
You destroy the quokka zombie!
The ogre hits you with a +0 giant club!
You die...

****,**,*#..##** *,## *,*
*,**,,,...# *..## *,*
*,**,***#.#####...# *,* *,**,*
#.........# *,* *,**,*
#.###.###.# *,*
*,*#.####.#.#.#.#,* *,*
*,*#......#.#.#.#,*****,******
*,..>####.#...O.#,,,,,,,,,,,,*
*,**** #.#).@Z.#,**********,*
*,* #.#######.# *,, *,*
#......$..# *** *,*
###.##...## #.#########.#*,,##
***** #....>......#*,** *,,,,
#############*,* *,*** *,* *,*
*,* *,*


You could see an ogre and a rat zombie.

Vanquished Creatures
  A human zombie (Ossuary)
  An adder zombie (Ossuary)
  2 gnoll zombies (Ossuary)
  A goblin zombie (Ossuary)
  2 hobgoblin zombies (Ossuary)
  4 jackal zombies (Ossuary)
  6 kobold zombies (Ossuary)
  An orc zombie (Ossuary)
  5 quokka zombies
  2 rat zombies (Ossuary)
25 creatures vanquished.

Notes
Turn   | Place    | Note
-------+----------+-------------------------------------------
     0 | D:5      | cbfl8 the Minotaur Delver began the quest for the Orb.
     0 | D:5      | Reached XP level 1. HP: 19/19 MP: 0/0
    18 | D:5      | Noticed a yak
    21 | D:5      | Found a sand-covered staircase.
    22 | D:5      | Noticed an ogre
    29 | Ossuary  | Entered an ossuary
   166 | Ossuary  | Reached XP level 2. HP: 24/27 MP: 1/1
   259 | Ossuary  | Reached XP level 3. HP: 13/33 MP: 2/2
   470 | D:5      | Mangled by an ogre

Illustrated notes

Levels and vault maps discovered:
D:5:      layout_loops_ring, gammafunk_temple_overflow_elements,
          minmay_temple_entry_drinking_statues, gammafunk_ghost_split,
          enter_ossuary_4, uniq_menkaure

Skill      XL: |  1  2 |
---------------+-------+-----
Fighting       | 4 |  4.1
Axes           | 3 |  3.3
Armour         | |  0.5
Dodging        | |  2.4
Stealth        | |  4.4

Action                   || total
-------------------------++-------
Melee: Hand axe          ||    71
       Headbutt          ||     9
       Punch             ||     1
  Use: Scroll            ||     2
       Potion            ||     1
Armor: Leather armour    ||    14
Dodge: Dodged            ||    59
